 Dungeon Crawl Stone Soup version 0.25-a0-663-gace7076f2c (webtiles) character file.

Game seed: 7670624208331189081, levelgen mode: deterministic

30 kae the Gusty (level 3, -1/28 HPs)
             Began as a Tengu Air Elementalist on Mar 25, 2020.
             Slain by an ice beast (14 damage)
             ... on level 1 of the Dungeon.
             The game lasted 00:01:35 (1560 turns).

kae the Gusty (Tengu Air Elementalist)              Turns: 1560, Time: 00:01:35

Health: -1/28      AC: 21    Str:  8    XL:     3   Next: 18%
Magic:  4/7        EV:  2    Int: 16    God:
Gold:   55         SH:  0    Dex: 14    Spells: 5/6 levels left

rFire    . . .     SeeInvis .   g - +0 whip
rCold    . . .     Gourm    .   (no shield)
rNeg     + + +     Faith    .   (armour currently unavailable)
rPois    +         Spirit   .   (helmet currently unavailable)
rElec    .         Reflect  .   (cloak currently unavailable)
rCorr    .         Harm     .   (gloves currently unavailable)
MR       .....     NoTele   +   (boots unavailable)
Stlth    ++........             (no amulet)
HPRegen  0.09/turn              (no ring)
MPRegen  0.10/turn              (no ring)

@: tree-form
A: no striking features
a: no special abilities


You were on level 1 of the Dungeon.
You were near starving.
You were a tree.
You visited 1 branch of the dungeon, and saw 2 of its levels.

You collected 55 gold pieces.

Inventory:

Hand Weapons
 g - a +0 whip (weapon)
Armour
 a - a +0 robe (melded)
Jewellery
 b - an uncursed ring of ice
Scrolls
 d - a scroll of remove curse
 f - 2 scrolls of teleportation
Comestibles
 c - 3 rations


   Skills:
 - Level 2.1 Dodging
 - Level 2.0 Stealth
 + Level 2.3 Spellcasting
 + Level 2.3 Conjurations
 * Level 4.9 Air Magic


You had 5 spell levels left.
You knew the following spells:

 Your Spells              Type           Power        Failure   Level  Hunger
a - Shock                 Conj/Air       ##..         4%          1    #......

Your spell library contained the following spells:

 Spells                   Type           Power        Failure   Level  Hunger
 Swiftness                Chrm/Air       #.......     11%         2    ###....
 Static Discharge         Conj/Air       ##......     14%         3    ###....
 Airstrike                Air            ###.......   26%         4    #####..
 Lightning Bolt           Conj/Air       ##........   77%         5    ######.


Dungeon Overview and Level Annotations

Branches:
Dungeon (2/15)

Altars:

Annotations:
D:2 Sigmund


Innate Abilities, Weirdness & Mutations

((You have a beak for a mouth.))
((You have claws for feet.))


Message History

The zap misses the ice beast.
The ice beast hits you but does no damage.
Casting: Shock (safe; 4% risk of failure)
Confirm with . or Enter, or press ? or * to list all spells.
Aiming: Shock (safe; 4% risk of failure)
Press: ? - help, Shift-Dir - straight line, f/p - ice beast
Aim: an ice beast (lightly wounded)
The zap hits the ice beast.
The ice beast is lightly wounded.
The ice beast hits you but does no damage.
Casting: Shock (safe; 4% risk of failure)
Confirm with . or Enter, or press ? or * to list all spells.
Aiming: Shock (safe; 4% risk of failure)
Press: ? - help, Shift-Dir - straight line, f/p - ice beast
Aim: an ice beast (lightly wounded)
The zap hits the ice beast.
The ice beast is moderately wounded.
The ice beast hits you. The ice beast freezes you!
Ouch! That really hurt!
You die...

######.###### #.# # #.# #.# # #.#
#.# #########.# #######.########
..........########...............
............................####.
........#.######..###.#####......
#####)###.# #..###.####....... #
#.# #.# #♣Y.........#####. # #.#
#.# #.####.####.# #. #####.###.#
#...##.# #.# #. ..........#
###.##.# #.# ##. .####.#####
#.....# #.# #.. .# #.# #..####
#.####.. .# #.# ##..# #.......
.####.##########...## #.####..
.##.§.............§.# #.......


You could see an ice beast.

Vanquished Creatures
  A dart slug (D:1)
  A leopard gecko (D:1)
  A giant cockroach (D:1)
  5 goblins (D:1)
  3 hobgoblins (D:1)
  6 kobolds (D:1)
  4 bats (D:1)
21 creatures vanquished.

Notes
Turn   | Place    | Note
-------+----------+-------------------------------------------
     0 | D:1      | kae the Tengu Air Elementalist began the quest for the Orb.
     0 | D:1      | Reached XP level 1. HP: 10/10 MP: 4/4
   246 | D:1      | Reached XP level 2. HP: 14/15 MP: 0/6
   860 | D:1      | Reached XP level 3. HP: 8/19 MP: 1/7
  1381 | D:2      | Noticed Sigmund
  1381 | D:2      | Noticed an ice beast
  1560 | D:1      | Slain by an ice beast

Levels and vault maps discovered:
D:1:      evilmike_arrival_hilbert_curve, layout_loops_ring,
          minmay_three_crescents
D:2:      layout_basic, lemuel_round_altar, minmay_statues_item,
          grunt_gozag_statues, uniq_sigmund

Skill      XL: |  1  2 |
---------------+-------+-----
Conjurations   | 2 |  2.3
Dodging        | |  2.1
Stealth        | |  2.0
Spellcasting   | |  2.3
Air Magic      | |  4.9

Action                   || total
-------------------------++-------
Melee: Unarmed           ||    37
       Kick              ||    11
       Peck              ||     3
       Whip              ||     4
 Cast: Shock             ||    49
  Use: Scroll            ||     5
       Potion            ||     1
  Eat: Chunk             ||     1
Armor: Robe              ||     7
       Skin              ||     5
Dodge: Dodged            ||    31

Table legend:
 A = Non-vault XP
 B = Vault XP
 C = Vault XP percentage of total XP
 D = Non-vault monster count
 E = Vault monster count
 F = Vault count percentage of total count
                 A         B        C        D         E       F
            +---------+---------+-------+---------+---------+-------
      Total |      31 |      12 |  27.9 |      15 |       6 |  28.6
            +---------+---------+-------+---------+---------+-------
        D:1 |      31 |      12 |  27.9 |      15 |       6 |  28.6
            +---------+---------+-------+---------+---------+-------
